 Dungeon Crawl Stone Soup version 0.21-a0-414-gba8bdf1 (webtiles) character file.

21 Dysjunc the Ducker (level 2, -7/26 HPs)
             Began as a Gnoll Gladiator on Nov 2, 2017.
             Killed by divine providence
             ... invoked by an orc priest
              (15 damage)
             ... on level 1 of the Dungeon.
             The game lasted 00:02:50 (905 turns).

Dysjunc the Ducker (Gnoll Gladiator)                 Turns: 905, Time: 00:02:50

Health: -7/26      AC:  7    Str: 16    XL:     2   Next: 87%
Magic:  2/2        EV: 13    Int: 10    God:
Gold:   46         SH:  0    Dex: 16    Spells: 2/2 levels left

rFire    . . .     SeeInvis .   a - +0 quarterstaff
rCold    . . .     Gourm    .   (shield currently unavailable)
rNeg     . . .     Faith    .   i - +0 scale mail
rPois    .         Spirit   .   c - +0 helmet
rElec    .         Reflect  .   (no cloak)
rCorr    .         Harm     .   (no gloves)
MR       .....                  (no boots)
Stlth    ..........             (no amulet)
HPRegen  0.08/turn              (no ring)
MPRegen  0.08/turn              (no ring)

@: no status effects
A: distributed training, fangs 1, strong nose
a: no special abilities


You were on level 1 of the Dungeon.
You were not hungry.

You visited 1 branch of the dungeon, and saw 2 of its levels.

You collected 46 gold pieces.

Inventory:

Hand Weapons
 a - a +0 quarterstaff (weapon)
Missiles
 d - 3 throwing nets (quivered)
 l - 22 stones
Armour
 b - a +0 leather armour
 c - a +0 helmet (worn)
 i - a +0 scale mail (worn)
Jewellery
 m - an uncursed ring of fire {unknown}
Scrolls
 h - 2 scrolls of amnesia {unknown}
 k - 2 scrolls of teleportation {unknown}
 n - a scroll of magic mapping {unknown}
Potions
 e - a potion of agility {unknown}
 j - a potion of degeneration {unknown}
 o - 2 potions of heal wounds {unknown}
Comestibles
 f - 2 bread rations
 g - 2 royal jellies


   Skills:
 + Level 4.5 Fighting
 + Level 0.5 Short Blades
 + Level 0.5 Long Blades
 + Level 0.5 Axes
 + Level 0.5 Maces & Flails
 + Level 0.5 Polearms
 + Level 6.5 Staves
 + Level 0.5 Slings
 + Level 0.5 Bows
 + Level 0.5 Crossbows
 + Level 4.5 Throwing
 + Level 0.5 Armour
 + Level 6.5 Dodging
 + Level 0.5 Stealth
 + Level 0.5 Shields
 + Level 0.5 Unarmed Combat
 + Level 0.5 Spellcasting
 + Level 0.3 Conjurations
 + Level 0.3 Hexes
 + Level 0.3 Charms
 + Level 0.3 Summonings
 + Level 0.3 Necromancy
 + Level 0.3 Translocations
 + Level 0.3 Transmutations
 + Level 0.3 Fire Magic
 + Level 0.3 Ice Magic
 + Level 0.3 Air Magic
 + Level 0.3 Earth Magic
 + Level 0.3 Poison Magic
 + Level 0.6 Invocations
 + Level 0.5 Evocations


You had 2 spell levels left.
You didn't know any spells.

Dungeon Overview and Level Annotations

Branches:
Dungeon (2/15)

Altars:


Innate Abilities, Weirdness & Mutations

Your experience applies equally to all skills.
You have very sharp teeth.
Your uncanny sense of smell can sniff out nearby items.


Message History

You hit the orc priest.
The orc priest is almost dead.
The orc hits you but does no damage.
The orc priest mumbles some strange prayers to Beogh against you.
Pain shoots through your body!
You hit the orc priest but do no damage.
You bite the orc priest, but do no damage.
The orc priest is almost dead.
The orc hits you but does no damage.
The orc priest mumbles some strange prayers to Beogh against you.
Beogh smites you!
Ouch! That really hurt!
* * * LOW HITPOINT WARNING * * *
You hit the orc priest but do no damage.
The orc priest is almost dead.
The orc hits you but does no damage.
The orc priest invokes the aid of Beogh against you.
Beogh smites you!
Ouch! That really hurt!
You die...

####### #.....# #.....# ###
#.....# ##### #@###### #.....#
#...###oo....# #.....#
#............###########
#.....###...###.................
#..............................#
##..........####......#####......
............# #......# #......
####.).####.# #......#####......
#...##...# #.#######.........


You could see an orc priest and an orc.

Vanquished Creatures
  A leopard gecko (D:1)
  An orc (D:2)
  3 goblins (D:1)
  3 hobgoblins (D:1)
  4 jackals (D:1)
  3 bats (D:1)
  A frilled lizard (D:1)
  A kobold (D:1)
  A rat (D:1)
18 creatures vanquished.

Notes
Turn   | Place    | Note
-------+----------+-------------------------------------------
     0 | D:1      | Dysjunc the Gnoll Gladiator began the quest for the Orb.
     0 | D:1      | Reached XP level 1. HP: 20/20 MP: 1/1
   277 | D:1      | Reached XP level 2. HP: 26/26 MP: 2/2
   905 | D:1      | Killed from afar by an orc priest

Vault maps used:
D:1:      shiori_arrival_elements
D:2:      nicolae_tso_swordbearing_angel

Action                   || total
-------------------------++-------
Melee: Quarterstaff      ||    58
       Bite              ||     3
 Stab: Sleeping          ||     1
Armor: Leather armour    ||     8
       Scale mail        ||     8
Dodge: Dodged            ||    61

Table legend:
 A = Spawn XP
 B = Non-spawn XP
 C = Spawn XP percentage of total XP
 D = Spawn monster count
 E = Non-spawn monster count
 F = Spawn count percentage of total count
 G = Total turns spent on level
                    A         B        C        D         E        F      G
               +---------+---------+-------+---------+---------+-------+---------
         Total |       0 |      31 |   0.0 |       0 |      18 |   0.0 |   905
               +---------+---------+-------+---------+---------+-------+---------
           D:1 |       0 |      28 |   0.0 |       0 |      17 |   0.0 |   902
           D:2 |       0 |       3 |   0.0 |       0 |       1 |   0.0 |     3
               +---------+---------+-------+---------+---------+-------+---------
